 Dungeon Crawl Stone Soup version 0.28.0-45-g0d030f2227 (webtiles) character file.

Game seed: 250095818726521607

2517 protoss039 the Magician (level 9, -4/69 HPs)
             Began as a Demonspawn Earth Elementalist on May 14, 2022.
             Was an Initiate of Vehumet.
             Killed from afar by Erica (25 damage)
             ... with a lance of force
             ... on level 8 of the Dungeon.
             The game lasted 00:17:22 (10391 turns).

protoss039 the Magician (DsEE)                     Turns: 10391, Time: 00:17:23

Health: -4/69      AC:  4    Str:  9    XL:     9   Next: 29%
Magic:  5/18       EV: 18    Int: 20    God:    Vehumet [......]
Gold:   378        SH: 11    Dex: 14    Spells: 14/20 levels left

rFire   . . .      SeeInvis .   G - +2 dagger (venom)
rCold   . . .      Faith    .   (no shield)
rNeg    . . .      Spirit   .   l - +1 animal skin
rPois   .          Reflect  +   (helmet restricted)
rElec   .          Harm     .   p - +0 cloak
rCorr   .          Rampage  .   (no gloves)
Will    ++...                   (no boots)
Stlth   ++........              h - amulet of reflection
HPRegen 0.21/turn               a - ring of willpower
MPRegen 0.16/turn               d - ring of willpower

@: agile, lethally poisoned (-4 -> -13)
A: antennae 2, large bone plates 2, powered by death 2, powered by pain 1
a: Renounce Religion


You were on level 8 of the Dungeon.
You worshipped Vehumet.
Vehumet was noncommittal.
You visited 2 branches of the dungeon, and saw 9 of its levels.

You collected 378 gold pieces.

Inventory:

Hand Weapons
 q - a +2 dagger of freezing
 G - a +2 dagger of venom (weapon)
Missiles
 o - 111 stones
Armour
 c - a +1 leather armour of fire resistance
 l - a +1 animal skin (worn)
 n - a +0 helmet
 p - a +0 cloak (worn)
Jewellery
 a - a ring of willpower (left hand)
 d - a ring of willpower (right hand)
 h - an amulet of reflection (around neck)
 E - a ring of positive energy
 F - a ring of fire
Wands
 m - a wand of polymorph (4)
 u - a wand of paralysis (5)
 B - a wand of acid (9)
Scrolls
 e - a scroll of enchant armour {unknown}
 f - a scroll of enchant weapon {unknown}
 g - a scroll of magic mapping {unknown}
 j - 4 scrolls of blinking
 k - a scroll of identify
 s - a scroll of brand weapon {unknown}
 v - a scroll of summoning
Potions
 b - a potion of curing {unknown}
 i - a potion of mutation {unknown}
 r - 3 potions of heal wounds
 t - 3 potions of flight {unknown}
 w - a potion of lignification {unknown}
 x - 2 potions of might {unknown}
 z - a potion of haste
 A - a potion of berserk rage {unknown}
 C - a potion of invisibility {unknown}
 D - a potion of magic {unknown}


   Skills:
 * Level 5.9 Fighting
 - Level 3.0 Armour
 - Level 3.0 Dodging
 - Level 3.0 Stealth
 * Level 6.2 Spellcasting
 + Level 3.9 Conjurations
 - Level 3.0 Transmutations
 + Level 5.2 Earth Magic


You had 14 spell levels left.
You knew the following spells:

 Your Spells              Type           Power      Damage    Failure   Level
a - Sandblast             Erth           54%        2d13      1%          1
b - Passwall              Tmut/Erth      18%        N/A       2%          2
c - Stone Arrow           Conj/Erth      48%        3d10      4%          3

Your spell library contained the following spells:

 Spells                   Type           Power      Damage    Failure   Level
 Petrify                  Tmut/Erth      22%        N/A       19%         4


Dungeon Overview and Level Annotations

Branches:
Dungeon (8/15)             Temple (1/1) D:5
   Lair: D:8-11

Altars:
Ashenzari
Cheibriados
Dithmenos
Elyvilon
Fedhas
Gozag
Hepliaklqana
Kikubaaqudgha
Makhleb
Nemelex Xobeh
Okawaru
Qazlal
Ru
Sif Muna
Trog
Uskayaw
Vehumet
Wu Jian
Xom
Yredelemnul
Zin
The Shining One

Annotations:
D:8 Erica


Innate Abilities, Weirdness & Mutations

You have a pair of antennae on your head.
You are mostly covered in large bone plates. (SH +6)
You regenerate health from kills.
You sometimes gain a little power by taking damage.


Message History

Vehumet accepts your kill.
Unknown command.
Casting: Sandblast (safe; 1% risk of failure)
Confirm with . or Enter, or press ? or * to list all spells.
Aiming: Stone Arrow (dangerous; 4% risk of failure)
Press: ? - help, Shift-Dir - straight line, f - you
Okay, then.
Casting: Stone Arrow (dangerous; 4% risk of failure)
Confirm with . or Enter, or press ? or * to list all spells.
Aiming: Stone Arrow (dangerous; 4% risk of failure)
Press: ? - help, Shift-Dir - straight line, f - Erica
Aim: Erica, wielding a +0 scimitar of flaming and wearing a +0 robe (lightly wounded, fast, 68% to hit)
The stone arrow hits Erica!!
Erica is heavily wounded.
Erica screams, "I'll never tell where it is!"
Erica gestures at you while chanting. The bolt of poison hits you!!
You are poisoned.
You focus on the pain.
You feel more agile all of a sudden.
Casting: Stone Arrow (dangerous; 4% risk of failure)
Confirm with . or Enter, or press ? or * to list all spells.
Aiming: Sandblast (safe; 1% risk of failure)
Press: ? - help, Shift-Dir - straight line, f/p - Erica
Aim: Erica, wielding a +0 scimitar of flaming and wearing a +0 robe (moderately wounded, fast, 78% to hit)
The blast of sand hits Erica!
Erica is severely wounded.
You feel very sick.
Casting: Sandblast (safe; 1% risk of failure)
Confirm with . or Enter, or press ? or * to list all spells.
Aiming: Stone Arrow (dangerous; 4% risk of failure)
Press: ? - help, Shift-Dir - straight line, f/p - Erica
Aim: Erica, wielding a +0 scimitar of flaming and wearing a +0 robe (severely wounded, fast, 68% to hit)
The stone arrow hits Erica!!
Erica is almost dead.
You feel very sick.
Erica says, "Fast and perfect.
Such is my way of killing."
Erica points at you and mumbles some strange words.
The lance of force hits you!!
You die...

#########
........#
.....(..+
......#
.†..######
#.......#
#.......#
#.@.....#
#.@.....#
###.......#
#...<######
#....#
#....#
#....#
#.....
#......


You could see Erica (fast).

Vanquished Creatures
  Grinder (D:6)
  3 water moccasins
  An ice beast (D:4)
  A sky beast (D:5)
  A black bear (D:5)
  2 orc warriors (D:5)
  A necrophage (D:6)
  An ogre (D:6)
  A wolf (D:4)
  2 phantoms
  2 bullfrogs (D:8)
  A water moccasin zombie (D:5)
  4 killer bees
  A bullfrog zombie (D:5)
  2 hounds
  A jelly (D:6)
  A centaur zombie (D:7)
  A centaur skeleton (D:6)
  4 orc priests
  A bullfrog skeleton (D:6)
  Jessica (D:2)
  2 iguanas (D:6)
  Ijyb (D:4)
  5 orc wizards
  A killer bee zombie (D:7)
  Robin (D:3)
  7 gnolls
  2 adders
  A shadow imp (D:7)
  An ufetubus (D:6)
  A worm (D:4)
  4 dart slugs
  10 orcs
  7 bats
  2 endoplasms
  2 giant cockroaches
  4 hobgoblins
  13 jackals
  4 quokkas
  6 ball pythons
  3 frilled lizards
  24 goblins
  8 kobolds
  2 rats
144 creatures vanquished.

Vanquished Creatures (others)
  A fungus (D:2)
  6 plants (D:2)
7 creatures vanquished.

Grand Total: 151 creatures vanquished

Notes
Turn   | Place    | Note
-------+----------+-------------------------------------------
     0 | D:1      | protoss039 the Demonspawn Earth Elementalist began the
                  | quest for the Orb.
     0 | D:1      | Reached XP level 1. HP: 13/13 MP: 3/3
   150 | D:1      | Reached skill level 1 in Transmutations
   638 | D:1      | Gained mutation: You are partially covered in large bone
                  | plates. (SH +4) [demonic ancestry]
   638 | D:1      | Reached XP level 2. HP: 16/19 MP: 1/5
  2063 | D:2      | Found a faded altar of an unknown god.
  2085 | D:2      | Noticed Jessica
  2091 | D:2      | Killed Jessica
  2092 | D:2      | Gained mutation: You regenerate a little health from kills.
                  | [demonic ancestry]
  2092 | D:2      | Reached XP level 3. HP: 24/24 MP: 2/6
  2745 | D:2      | Gained mutation: You regenerate health from kills. [demonic
                  | ancestry]
  2745 | D:2      | Reached XP level 4. HP: 24/30 MP: 4/7
  3203 | D:3      | Noticed Robin
  3812 | D:3      | Gained mutation: You sometimes gain a little power by
                  | taking damage. [demonic ancestry]
  3812 | D:3      | Reached XP level 5. HP: 18/35 MP: 3/9
  4398 | D:3      | Killed Robin
  5092 | D:4      | Noticed Edmund
  5126 | D:3      | Learned a level 2 spell: Passwall
  5130 | D:3      | Learned a level 3 spell: Stone Arrow
  5170 | D:4      | Noticed an ice beast
  5200 | D:4      | Reached skill level 3 in Spellcasting
  5434 | D:4      | Killed an ice beast
  5435 | D:4      | Reached skill level 1 in Fighting
  5435 | D:4      | Reached XP level 6. HP: 43/43 MP: 2/10
  5465 | D:4      | Noticed Ijyb
  5473 | D:4      | Killed Ijyb
  5488 | D:4      | Noticed Edmund
  5488 | D:4      | Edmund changed into Edmund the wolf
  5492 | D:4      | Killed Edmund the wolf
  5493 | D:4      | Reached skill level 1 in Conjurations
  5836 | D:4      | Found a shadowy altar of Dithmenos.
  6265 | D:5      | Entered Level 5 of the Dungeon
  6347 | D:5      | Noticed a sky beast
  6360 | D:5      | Killed a sky beast
  6361 | D:5      | Gained mutation: You have a pair of small antennae on your
                  | head. [demonic ancestry]
  6361 | D:5      | Reached XP level 7. HP: 46/51 MP: 0/12
  6496 | D:5      | Reached skill level 4 in Spellcasting
  6648 | D:5      | Found a staircase to the Ecumenical Temple.
  6748 | Temple   | Entered the Ecumenical Temple
  7169 | Temple   | Became a worshipper of Vehumet
  8124 | D:6      | Reached skill level 1 in Armour
  8124 | D:6      | Gained mutation: You have a pair of antennae on your head.
                  | [demonic ancestry]
  8124 | D:6      | Reached XP level 8. HP: 48/60 MP: 1/15
  8464 | D:5      | Reached skill level 5 in Spellcasting
  9307 | D:6      | Reached skill level 5 in Fighting
  9600 | D:6      | Reached skill level 5 in Earth Magic
  9600 | D:6      | Gained mutation: You are mostly covered in large bone
                  | plates. (SH +6) [demonic ancestry]
  9600 | D:6      | Reached XP level 9. HP: 68/68 MP: 1/17
  9744 | D:6      | Noticed Grinder
  9750 | D:6      | Killed Grinder
  9917 | D:6      | Reached skill level 6 in Spellcasting
 10345 | D:8      | Noticed Erica
 10391 | D:8      | Killed from afar by Erica

Illustrated notes

Levels and vault maps discovered:
D:1:      eino_arrival_tree_alley, layout_loops_corners, grunt_decor_fettered,
          minmay_octomino_c4
D:2:      layout_basic, shapermc_ecumenical_altar_mp_ritualfount, uniq_jessica
D:3:      layout_rooms, serial_co_window_serial, co_window_of_opportunity_a,
          co_window_corner_a, co_window_of_opportunity_a, co_window_paths_b,
          co_window_of_opportunity_a, co_window_cross_3, co_window_corner_cb,
          co_window_unsneaky_path_a, co_window_unsneaky_path_e, co_window_sun,
          co_window_4corner_a, glass_columns_a, glass_columns_c,
          glass_columns_b, glass_columns_a, uniq_robin
D:4:      layout_loops_ring, mainiacjoe_overflow_six_doors_small, uniq_ijyb,
          uniq_edmund
D:5:      layout_cave_pods, minmay_temple_entry_wispy
D:6:      layout_loops_cross, uniq_grinder
D:7:      layout_gridville
D:8:      minmay_the_grid_triangle_9x9_rhombus_full
          [minmay_the_grid_triangle_9x9_descending_squares,
          minmay_the_grid_triangle_9x9_wacky_v,
          minmay_the_grid_triangle_9x9_sprig,
          minmay_the_grid_triangle_9x9_corrupted_corridor,
          minmay_the_grid_triangle_9x9_warning,
          minmay_the_grid_triangle_9x9_thin_v,
          minmay_the_grid_triangle_9x9_sparse_checkered,
          minmay_the_grid_triangle_9x9_prize_top_heavy], layout_gridville,
          erik_lair_orcish_takeover, uniq_erica, uniq_harold
Temple:   mainiacjoe_temple_circle_huts

Skill      XL: |  1  2  3  4  5  6  7  8  9 |
---------------+----------------------------+-----
Transmutations | 1 2 3 |  3.0
Stealth        | 2 3 |  3.0
Dodging        | 2 3 |  3.0
Earth Magic    | 3 4 5 |  5.2
Spellcasting   | 3 4 5 6 |  6.2
Fighting       | 1 2 3 5 |  5.9
Conjurations   | 1 2 3 |  3.9
Armour         | 1 2 3 |  3.0

Action                   |  1- 3 |  4- 6 |  7- 9 || total
-------------------------+-------+-------+-------++-------
Melee: Short sword       |    94 |    15 |     2 ||   111
       Unarmed           |     1 |       |       ||     1
       Punch             |     1 |     2 |       ||     3
       Whip              |       |   115 |       ||   115
       Spear             |       |    13 |       ||    13
       Dagger            |       |    28 |    79 ||   107
 Cast: Sandblast         |    23 |    51 |    48 ||   122
       Stone Arrow       |       |     4 |    73 ||    77
Evoke: Wand              |       |     3 |     2 ||     5
  Use: Scroll            |       |     1 |     2 ||     3
       Potion            |       |       |     1 ||     1
 Stab: Sleeping          |     4 |     7 |       ||    11
       Paralysed         |       |       |     3 ||     3
Armor: Robe              |    17 |    28 |       ||    45
       Animal skin       |       |    19 |    17 ||    36
Dodge: Dodged            |    96 |    98 |    70 ||   264
Block: Other             |    21 |   115 |    53 ||   189
       Reflection        |       |     2 |     2 ||     4
